 Dungeon Crawl Stone Soup version 0.28-a0-957-g42eb19b844 (console) character file.

Game seed: 17559245772450524655

105 petzl the Vexing (level 4, -7/29 HPs)
             Began as an Octopode Arcane Marksman on Dec 1, 2021.
             Killed from afar by an orc wizard (10 damage)
             ... with a magic dart
             ... on level 3 of the Dungeon.
             The game lasted 00:07:44 (2439 turns).

petzl the Vexing (Octopode Arcane Marksman)         Turns: 2439, Time: 00:07:45

Health: -7/29      AC:  1    Str:  9    XL:     4   Next: 83%
Magic:  2/6        EV: 13    Int: 17    God:
Gold:   98         SH:  0    Dex: 12    Spells: 3/6 levels left

rFire   . . .      SeeInvis .   b - +0 short sword (vamp)
rCold   . . .      Faith    .   (no shield)
rNeg    . . .      Spirit   .   (helmet restricted)
rPois   .          Reflect  .   (no amulet)
rElec   .          Harm     .   (no ring)
rCorr   .          Rampage  .   (no ring)
Will    .....                   (no ring)
Stlth   +++.......              (no ring)
HPRegen 0.09/turn               (no ring)
MPRegen 0.10/turn               (no ring)
                                (no ring)
                                (no ring)

@: no status effects
A: almost no armour, amphibious, 8 rings, camouflage 1, gelatinous body 1,
(nimble swimmer 1), tentacles
a: no special abilities


You were on level 3 of the Dungeon.
You visited 1 branch of the dungeon, and saw 4 of its levels.

You collected 98 gold pieces.

Inventory:

Hand Weapons
 a - a +0 hand crossbow
 b - a +0 vampiric short sword (weapon)
Missiles
 c - 32 bolts
Wands
 l - a wand of digging (4)
Scrolls
 d - 2 scrolls of identify {unknown}
 e - a scroll of enchant armour {unknown}
 k - a scroll of amnesia {unknown}
Potions
 f - a potion of degeneration {unknown}
 g - a potion of might {unknown}
 h - 5 potions of heal wounds {unknown}
 i - a potion of ambrosia {unknown}
 j - 3 potions of curing {unknown}
 m - a potion of attraction {unknown}


   Skills:
 + Level 1.9 Fighting
 + Level 2.4 Crossbows
 + Level 2.5 Dodging
 + Level 2.0 Stealth
 + Level 1.7 Spellcasting
 - Level 3.0 Hexes
 * Level 2.1 Translocations


You had 3 spell levels left.
You knew the following spells:

 Your Spells              Type           Power      Damage    Failure   Level
a - Slow                  Hex            44%        N/A       6%          1
B - Blink                 Tloc           16%        N/A       13%         2

Your spell library contained the following spells:

 Spells                   Type           Power      Damage    Failure   Level
 Portal Projectile        Hex/Tloc       20%        N/A       21%         3
 Inner Flame              Hex/Fire       6%         N/A       32%         3
 Cause Fear               Hex            5%         N/A       50%         4
 Manifold Assault         Tloc           8%         N/A       93%         5
 Storm Form               Tmut/Air       0%         N/A       100%        7


Dungeon Overview and Level Annotations

Branches:
Dungeon (4/15)
 Temple: D:4-7

Altars:
Fedhas

Shops:
D:1 (

Annotations:
D:2 Robin
D:3 exclusions: downstairs and 2 gnolls


Innate Abilities, Weirdness & Mutations

You cannot wear most types of armour.
You are amphibious.
You can wear up to eight rings at the same time.
Your skin changes colour to match your surroundings (Stealth+).
Your rubbery body absorbs attacks. (AC +1, EV +1)
((You are camouflaged near water. (Stealth+)))
You have tentacles for arms and can constrict up to eight enemies at once.


Message History

Okay, then.
Unknown command.
Cast which spell? (? or * to list)
You miscast Blink.
You are very lightly contaminated with residual magic.
Nothing appears to happen.
Something hits you.
You hear some strange, mumbled words.
A puff of flame appears from out of thin air!
The puff of flame hits you.
The orc throws a boomerang of dispersal.
The boomerang of dispersal misses you.
Casting: Blink (safe; 13% risk of failure)
Confirm with . or Enter, or press ? or * to list all spells.
You don't know that spell.
Adjust (i)tems, (s)pells, or (a)bilities?
Adjust which spell? b - Blink Adjust to which letter?
B - Blink
Casting: Blink (safe; 13% risk of failure)
Confirm with . or Enter, or press ? or * to list all spells.
You miscast Blink.
Nothing appears to happen.
The orc throws a boomerang of dispersal.
Casting: Blink (safe; 13% risk of failure)
Confirm with . or Enter, or press ? or * to list all spells.
Okay, then.
Casting: Blink (safe; 13% risk of failure)
Confirm with . or Enter, or press ? or * to list all spells.
You blink.
You feel stable enough to blink again.
Your magical contamination has completely faded away.
You hear a shout!
An orc wizard appears from thin air!
Reactivating autopickup.
The orc wizard points at you and mumbles some strange words.
The puff of flame hits you!
* * * LOW HITPOINT WARNING * * *
The orc wizard gestures at you while chanting.
The magic dart hits you!
You die...

......# #.......##...#
......# #.(.# ......#
#...# ......# #...#
......# #. #...######
......# . #........#
####### . . #........#
#.# #.#.#....##### #.#
.#.#.#......... #.#
...........#### #.#
.#..........# #.#
###..#.###.######.#
#####.............#.#
.........###.####.#.#
#####...# #.####.#.#
#...###........#
#..>.o....##.###########
#o#######.#..)...{.o..(#
#.o..@.<#.###########o##
#########.# #.# #.# #.#
#.# #.# #.# #.# (.# ###


You could see an orc wizard and an orc.

Vanquished Creatures
  Jessica (D:2)
  A hound zombie (D:3)
  2 adders (D:3)
  An ufetubus (D:4)
  4 ball pythons
  2 bats (D:2)
  4 endoplasms
  A giant cockroach (D:2)
  7 goblins
  6 hobgoblins
  3 jackals (D:1)
  A quokka (D:2)
  2 frilled lizards (D:2)
  4 kobolds
  A quokka zombie (D:3)
  A rat (D:1)
41 creatures vanquished.

Notes
Turn   | Place    | Note
-------+----------+-------------------------------------------
     0 | D:1      | petzl the Octopode Arcane Marksman began the quest for the
                  | Orb.
     0 | D:1      | Reached XP level 1. HP: 13/13 MP: 2/2
     9 | D:1      | Found Plog's Antique Weapon Shoppe.
    76 | D:1      | Found a faded altar of an unknown god.
   113 | D:1      | Reached XP level 2. HP: 18/18 MP: 3/3
   136 | D:1      | Learned a level 2 spell: Blink
   273 | D:1      | Reached skill level 1 in Stealth
   282 | D:1      | You fall into a shaft and drop 1 floor!
   479 | D:2      | Noticed Robin
   719 | D:2      | Reached skill level 1 in Translocations
   732 | D:2      | Reached XP level 3. HP: 23/23 MP: 4/4
   857 | D:2      | Noticed Jessica
  1410 | D:2      | Found a blossoming altar of Fedhas.
  1583 | D:2      | Killed Jessica
  1584 | D:2      | Reached XP level 4. HP: 28/28 MP: 6/6
  2106 | D:4      | Noticed a scorpion
  2439 | D:3      | Killed from afar by an orc wizard

Illustrated notes

Levels and vault maps discovered:
D:1:      saegor_arrival_simple_e, layout_rooms, serial_shops, shop_fountains,
          shapermc_ecumenical_altar_flowoftime, minivault_19
D:2:      layout_basic, basic_altar, uniq_robin, uniq_jessica
D:3:      layout_basic, serial_undead, serial_undead_b, serial_undead_b,
          serial_undead_b, serial_undead_b
D:4:      layout_loops_cross, ashenzari_altar_1, minmay_temple_entry_overgrown

Skill      XL: |  1  2  3  4 |
---------------+-------------+-----
Stealth        | 1 2 |  2.0
Translocations | 1 2 |  2.1
Fighting       | |  1.9
Crossbows      | |  2.4
Dodging        | |  2.5
Spellcasting   | |  1.7
Hexes          | |  3.0

Action                   |  1- 3 |  4- 6 || total
-------------------------+-------+-------++-------
Melee: Short sword       |    11 |    21 ||    32
       Constrict         |     1 |     4 ||     5
       Tentacles         |     1 |     2 ||     3
 Fire: Hand crossbow     |    62 |    14 ||    76
 Cast: Blink             |       |     1 ||     1
 Stab: Sleeping          |     3 |       ||     3
Armor: Skin              |       |     2 ||     2
Dodge: Dodged            |    20 |    16 ||    36

Table legend: (Time is in decaauts)
 A = Elapsed time spent in this place.
 B = Non-inter-level travel time spent in this place.
 C = Inter-level travel time spent in this place.
 D = Time resting spent in this place.
 E = Time spent auto-exploring this place.
 F = Levels seen in this place.
 G = Mean time per level.
                   A        B        C        D        E       F      G
               +--------+--------+--------+--------+--------+-----+--------+
         Total |   2471 |   2359 |    112 |    190 |   1574 |   4 |  617.8 |
       Dungeon |   2471 |   2359 |    112 |    190 |   1574 |   4 |  617.8 |
               +--------+--------+--------+--------+--------+-----+--------+

Top non-repeatable levels by time:
     D:2: 1315 daAuts
     D:3: 654 daAuts
     D:1: 454 daAuts
     D:4: 47 daAuts
